 Dungeon Crawl Stone Soup version 0.27.1-3-gb3d3a73c9e (webtiles) character file.

Game seed: 16606791589027065584

14354 earthworldpsion the Cleaver (level 11, 0/101 HPs)
             Began as a Minotaur Berserker on Oct 19, 2021.
             Was a High Priest of Trog.
             Slain by a manticore (10 damage)
             ... on level 3 of the Lair of Beasts on Oct 20, 2021.
             The game lasted 00:59:19 (8075 turns).

earthworldpsion the Cleaver (Minotaur Berserker)    Turns: 8075, Time: 00:59:19

Health: 0/101      AC: 13    Str: 25    XL:     11   Next: 87%
Magic:  10/10      EV: 15    Int:  4    God:    Trog [*****.]
Gold:   649        SH:  0    Dex: 12    Spells: 10/10 levels left

rFire    . . .     SeeInvis +   k - +6 battleaxe
rCold    + . .     Faith    .   (shield currently unavailable)
rNeg     . . .     Spirit   .   p - +0 ring mail
rPois    +         Reflect  .   (helmet restricted)
rElec    .         Harm     .   y - +0 cloak {rCorr}
rCorr    +         Rampage  .   t - +2 pair of gloves
Will     .....                  n - +0 pair of boots
Stlth    +.........             e - amulet of regeneration
HPRegen  1.26/turn              D - ring of poison resistance
MPRegen  0.12/turn              G - +4 ring of slaying

@: about to teleport, spiked, on berserk cooldown, slowed, very slow
A: horns 2, retaliatory headbutt, see invisible, agile 1, cold resistance 1
a: Renounce Religion, Berserk, Trog's Hand, Brothers in Arms


You were on level 3 of the Lair of Beasts.
You worshipped Trog.
Trog was extremely pleased with you.
You visited 2 branches of the dungeon, and saw 11 of its levels.

You collected 649 gold pieces.

Inventory:

Hand Weapons
 f - a +0 war axe
 j - a +4 short sword
 k - a +6 battleaxe (weapon)
 B - a +0 dire flail of protection
 N - a +4 vorpal broad axe
Missiles
 g - a throwing net
Armour
 n - a +0 pair of boots (worn)
 o - a +0 plate armour
 p - a +0 ring mail (worn)
 s - a scarf of repulsion
 t - a +2 pair of gloves (worn)
 y - a +0 cloak of preservation (worn)
 L - a scarf of invisibility
Jewellery
 e - an amulet of regeneration (around neck)
 D - a ring of poison resistance (left hand)
 G - a +4 ring of slaying (right hand)
 O - a ring of fire
Wands
 x - a wand of flame (9) (quivered)
Scrolls
 a - a scroll of fear {unknown}
 c - 2 scrolls of identify
 h - 3 scrolls of immolation
 i - 2 scrolls of teleportation
 q - 3 scrolls of enchant armour {unknown}
 E - a scroll of noise {unknown}
 F - 3 scrolls of fog {unknown}
 H - 2 scrolls of vulnerability {unknown}
 J - a scroll of magic mapping {unknown}
Potions
 b - 3 potions of flight
 d - a potion of magic {unknown}
 l - a potion of ambrosia {unknown}
 m - 2 potions of attraction {unknown}
 u - a potion of brilliance {unknown}
 v - a potion of berserk rage {unknown}
 w - 2 potions of resistance {unknown}
 z - 2 potions of haste {unknown}
 A - 2 potions of might
 C - 2 potions of degeneration {unknown}
 I - 2 potions of curing
 M - a potion of heal wounds {unknown}
Miscellaneous
 r - a piece from Xom's chessboard (14/15)
 K - a condenser vane


   Skills:
 + Level 10.9 Fighting
 - Level 1.9 Short Blades
 * Level 14.2 Axes
 + Level 10.6 Armour
 + Level 9.8 Dodging


You had 10 spell levels left.
You didn't know any spells.
Your spell library contained the following spells:

 Spells                   Type           Power      Damage    Failure   Level
 Freeze                   Ice            0%         1d3       63%         1
 Call Canine Familiar     Summ           0%         N/A       94%         3
 Frozen Ramparts          Ice            0%         1d2       94%         3
 Portal Projectile        Hex/Tloc       0%         N/A       94%         3
 Stone Arrow              Conj/Erth      0%         3d7       94%         3
 Animate Armour           Summ/Erth      0%         N/A       100%        4
 Hailstorm                Conj/Ice       0%         3d3       100%        4
 Leda's Liquefaction      Hex/Erth       0%         N/A       100%        4
 Passage of Golubria      Tloc           N/A        N/A       100%        4
 Silence                  Hex/Air        0%         N/A       100%        5
 Lehudib's Crystal Spear  Conj/Erth      0%         10d2      100%        8


Dungeon Overview and Level Annotations

Branches:
Dungeon (8/15)             Temple (0/1) D:5            Lair (3/6) D:8
  Snake (0/4) Lair:3
  Swamp: Lair:2-4    Shoals: Lair:2-4

Altars:
Dithmenos
Kikubaaqudgha

Shops:
D:1 =   D:2 *

Annotations:
Lair:1 3 runed translucent doors, ghost!, exclusion: oklob plant, TheGamechu's ghost, journeyman DjIE
Lair:3 snake pit here


Innate Abilities, Weirdness & Mutations

You have a pair of horns on your head.
You reflexively headbutt those who attack you in melee.
You have supernaturally acute eyesight. (SInv)
You are agile. (Dex +2)
Your flesh is cold resistant. (rC+)


Message History

You slash the wolf!
You carefully extract the barbed spikes from your body.
The wolf barely misses you. The wolf bites you but does no damage.
A wolf comes into view.
The wolf bites you.
You slice the wolf!!
You kill the wolf!
Trog accepts your kill.
You closely miss the wolf. The wolf bites you but does no damage.
The wolf barely misses you. You furiously retaliate!
You headbutt the wolf.
You kill the wolf!
Trog accepts your kill. The wolf closely misses you. You furiously retaliate!
You headbutt the wolf!
As you read the scroll of teleportation, it crumbles to dust.
You feel strangely unstable. The wolf barely misses you.
The wolf closely misses you. You furiously retaliate!
You headbutt the wolf!
You kill the wolf!
Trog accepts your kill.
The manticore flicks its tail.
The volley of spikes hits you!
The barbed spikes become lodged in your body.
* * * LOW HITPOINT WARNING * * *
You barely miss the wolf. Your headbutt misses the wolf.
You closely miss the manticore. The wolf completely misses you.
You furiously retaliate!
You headbutt the wolf, but do no damage.
The wolf bites you.
* * * LOW HITPOINT WARNING * * *
The manticore closely misses you. The manticore completely misses you.
The manticore claws you!
* * * LOW HITPOINT WARNING * * *
It was a potion of curing.
You feel better. The wolf bites you.
* * * LOW HITPOINT WARNING * * *
The wolf closely misses you. You furiously retaliate!
You headbutt the wolf. The manticore bites you!
* * * LOW HITPOINT WARNING * * *
The manticore claws you but does no damage.
The manticore closely misses you. The wolf barely misses you.
The manticore completely misses you. The manticore claws you!
You die...

.. .......###k..†..#
....... ...
#....k#.......P## ......
#.. #...............#
....P#
#..##............####
.....# #...P..........P#
#...#
###.......##...#..P..
#...##
###......†..#######.....
#....##.#...###Hh###
..... ..........# ##@###
..... .#.......P# #.#.#
#... ####....P## ##...#
#....P.### #...## #
##.......###.#...#
#####......###..###.....
##.#..P##......## ...:.
P##..#####.....## ....
P.#...###.......# ..P.


You could see a wind drake (repels missiles), a manticore and a wolf.

Vanquished Creatures
  A hydra (Lair:2)
  Sonja (Lair:2)
  A black mamba (Lair:2)
  6 cane toads
  4 komodo dragons (Lair:2)
  A hornet (D:8)
  5 blink frogs (Lair:2)
  18 yaks
  Edmund (D:6)
  An acid dragon (D:8)
  A naga (Lair:3)
  Duvessa (D:5)
  15 water moccasins
  2 ice beasts (D:6)
  2 orc warriors (D:8)
  A black bear (Lair:2)
  3 ogres
  11 wolves
  A phantom (D:4)
  8 bullfrogs
  2 kobold brigands
  A wyvern zombie (D:6)
  9 scorpions
  A water moccasin zombie (D:5)
  Dowan (D:5)
  3 killer bees (D:8)
  A howler monkey (D:8)
  8 wights (D:8)
  7 jellies
  3 hounds
  Crazy Yiuf (D:5)
  A centaur zombie (D:7)
  5 orc priests
  An iguana (D:7)
  2 orc wizards
  A killer bee zombie (D:6)
  Robin (D:4)
  5 adders
  A white imp (D:5)
  An adder skeleton (D:4)
  3 worms (D:3)
  2 dart slugs
  29 orcs
  18 endoplasms
  3 giant cockroaches
  14 goblins
  10 hobgoblins
  8 jackals
  4 quokkas
  9 ball pythons
  2 bats (D:1)
  2 frilled lizards
  8 kobolds
  5 rats
  A bush (Lair:1)
257 creatures vanquished.

Vanquished Creatures (others)
  An orc wizard (D:6)
  29 fungi
  19 plants
49 creatures vanquished.

Grand Total: 306 creatures vanquished

Notes
Turn   | Place    | Note
-------+----------+-------------------------------------------
     0 | D:1      | earthworldpsion the Minotaur Berserker began the quest for
                  | the Orb.
     0 | D:1      | Reached XP level 1. HP: 19/19 MP: 0/0
   498 | D:1      | Reached XP level 2. HP: 27/27 MP: 1/1
   504 | D:1      | Found Cepa's Jewellery Shoppe.
   759 | D:2      | Reached skill level 4 in Axes
   768 | D:2      | Reached ** piety under Trog
   896 | D:2      | Reached XP level 3. HP: 31/33 MP: 2/2
  1041 | D:2      | Found Yze Wusch's Assorted Antiques.
  1253 | D:2      | Reached skill level 1 in Short Blades
  1334 | D:3      | Reached XP level 4. HP: 27/40 MP: 3/3
  1863 | D:4      | Noticed Robin
  1878 | D:4      | Killed Robin
  1879 | D:4      | Reached XP level 5. HP: 47/47 MP: 4/4
  2002 | D:4      | Reached *** piety under Trog
  2051 | D:4      | Identified the +4 dagger "Jyocaix" {distort, *Slow rC+ rN+
                  | Dex+4}
  2186 | D:4      | Noticed a phantom
  2191 | D:4      | Killed a phantom
  2192 | D:4      | Reached skill level 5 in Axes
  2259 | D:4      | Reached XP level 6. HP: 55/55 MP: 5/5
  2353 | D:5      | Entered Level 5 of the Dungeon
  2386 | D:5      | Found a staircase to the Ecumenical Temple.
  2496 | D:5      | Found an ancient bone altar of Kikubaaqudgha.
  2510 | D:5      | Found a shadowy altar of Dithmenos.
  2725 | D:5      | Reached skill level 5 in Fighting
  2799 | D:5      | Reached skill level 6 in Axes
  2870 | D:5      | Noticed Dowan
  2870 | D:5      | Noticed Duvessa
  2887 | D:5      | Killed Dowan
  2951 | D:5      | Reached XP level 7. HP: 61/61 MP: 6/6
  2999 | D:5      | Killed Duvessa
  3000 | D:5      | Reached skill level 5 in Armour
  3176 | D:5      | Reached skill level 7 in Axes
  3352 | D:5      | Found a runed translucent door.
  3353 | D:5      | Noticed Crazy Yiuf
  3358 | D:5      | Killed Crazy Yiuf
  3564 | D:6      | Reached skill level 5 in Dodging
  3564 | D:6      | Reached XP level 8. HP: 70/70 MP: 7/7
  3596 | D:6      | Noticed Edmund
  3603 | D:6      | Killed Edmund
  3659 | D:6      | Reached skill level 8 in Axes
  4168 | D:7      | Reached skill level 9 in Axes
  4220 | D:7      | Reached **** piety under Trog
  4561 | D:7      | Reached XP level 9. HP: 79/79 MP: 8/8
  5002 | D:8      | Reached skill level 10 in Axes
  5025 | D:8      | Gained mutation: You are clumsy. (Dex -2) [potion of
                  | mutation]
  5288 | D:8      | Reached skill level 11 in Axes
  5519 | D:8      | Reached XP level 10. HP: 90/90 MP: 9/9
  5923 | D:8      | Found a staircase to the Lair.
  5943 | Lair:1   | Entered Level 1 of the Lair of Beasts
  6003 | Lair:1   | Found a runed translucent gate.
  6003 | Lair:1   | Noticed a black mamba
  6004 | Lair:1   | Found a runed translucent gate.
  6004 | Lair:1   | Found a runed translucent gate.
  6004 | Lair:1   | Noticed TheGamechu's ghost (journeyman DjIE)
  6005 | Lair:1   | Noticed a cane toad
  6057 | Lair:1   | Reached ***** piety under Trog
  6219 | Lair:1   | Reached skill level 12 in Axes
  6315 | Lair:1   | Noticed a cane toad
  6321 | Lair:1   | Killed a cane toad
  6449 | Lair:1   | You fall into a shaft and drop 1 floor!
  6461 | Lair:2   | Reached XP level 11. HP: 99/99 MP: 10/10
  6699 | Lair:2   | Reached skill level 10 in Fighting
  6742 | Lair:2   | Reached skill level 13 in Axes
  6804 | Lair:2   | Noticed Sonja
  6811 | Lair:2   | Killed Sonja
  6821 | Lair:2   | Reached skill level 10 in Armour
  7123 | Lair:2   | Lost mutation: You are clumsy. (Dex -2) [potion of
                  | mutation]
  7123 | Lair:2   | Gained mutation: Your body sometimes deteriorates upon
                  | taking damage. [potion of mutation]
  7123 | Lair:2   | Gained mutation: You have a pair of large horns on your
                  | head. [potion of mutation]
  7123 | Lair:2   | Gained mutation: You expend magic power (3 MP) to
                  | strengthen your wands. [potion of mutation]
  7124 | Lair:2   | Lost mutation: Your body sometimes deteriorates upon taking
                  | damage. [potion of mutation]
  7124 | Lair:2   | Lost mutation: You have a pair of large horns on your head.
                  | [potion of mutation]
  7124 | Lair:2   | Lost mutation: You expend magic power (3 MP) to strengthen
                  | your wands. [potion of mutation]
  7124 | Lair:2   | Gained mutation: Your flesh is cold resistant. (rC+)
                  | [potion of mutation]
  7124 | Lair:2   | Gained mutation: You have supernaturally acute eyesight.
                  | (SInv) [potion of mutation]
  7124 | Lair:2   | Gained mutation: You are agile. (Dex +2) [potion of
                  | mutation]
  7371 | Lair:1   | Noticed a five-headed hydra
  7419 | Lair:2   | Killed a nine-headed hydra
  7490 | Lair:1   | Noticed an oklob plant
  7503 | Lair:1   | Received a gift from Trog
  7835 | Lair:3   | Found a staircase to the Snake Pit.
  7968 | Lair:3   | Reached skill level 14 in Axes
  8075 | Lair:3   | Slain by a manticore

Illustrated notes

Levels and vault maps discovered:
D:1:      minmay_arrival_widening_spiral_wide, layout_basic, serial_shops,
          nicolae_diamond_shop, minivault_27
D:2:      layout_rooms, serial_shops, nicolae_shop_waterfront,
          solitary_fountain, chequers_avenue, kennysheep_generic_room_10
D:3:      layout_rooms, guppyfry_early_orc_mine
D:4:      layout_rooms, uniq_robin
D:5:      layout_loops_corners, kiku_gazebo_garden_becter,
          mainiacjoe_overflow_tiny_flanked, minmay_temple_entry_glass,
          kennysheep_generic_room_15, uniq_crazy_yiuf_cottage, uniq_duvessa
D:6:      layout_basic, uniq_edmund
D:7:      layout_cave_pods
D:8:      layout_basic, grunt_lair_entry_orc_guard_hut
Lair:1:   lemuel_slime, layout_regular_city, gammafunk_ghost_split,
          grunt_megastairs_3
Lair:2:   layout_regular_city, uniq_sonja
Lair:3:   layout_layer_cave, minmay_shoals_entry_beasts,
          guppyfry_snake_entry_island

Skill      XL: |  1  2  3  4  5  6  7  8  9 10 11 |
---------------+----------------------------------+-----
Axes           | 4 5 6 7 9 11 12 14 | 14.2
Fighting       | 4 5 6 7 8 9 10 | 10.9
Armour         | 3 4 5 6 8 9 10 | 10.6
Short Blades   | 1 |  1.9
Dodging        | 3 4 5 6 7 8 9 |  9.8

Action                   |  1- 3 |  4- 6 |  7- 9 | 10-12 || total
-------------------------+-------+-------+-------+-------++-------
Melee: War axe           |    26 |   102 |   217 |     3 ||   348
       Headbutt          |     8 |    19 |    42 |    44 ||   113
       Hand axe          |     1 |       |       |       ||     1
       Short sword       |    40 |    23 |       |       ||    63
       Battleaxe         |       |       |       |   188 ||   188
Invok: Berserk           |       |     2 |     3 |     3 ||     8
Evoke: Wand              |       |     3 |    17 |     5 ||    25
       Piece from Xom's  |       |       |       |     1 ||     1
  Use: Scroll            |       |       |     7 |     4 ||    11
       Potion            |       |       |     1 |     3 ||     4
Armor: Animal skin       |    16 |       |       |       ||    16
       Leather armour    |     4 |       |       |       ||     4
       Ring mail         |     3 |    53 |    94 |    76 ||   226
Dodge: Dodged            |    64 |    67 |   132 |   170 ||   433
       Repelled          |       |     3 |       |       ||     3
